 Dungeon Crawl Stone Soup version 0.18.1-48-g4cf74bf (webtiles) character file.

65 luca467 the Slasher (level 3, -4/28 HPs)
             Began as a Demonspawn Gladiator on Sept 13, 2016.
             Killed from afar by a dart slug (5 damage)
             ... with a slug dart
             ... on level 3 of the Dungeon.
             The game lasted 00:08:08 (1741 turns).

luca467 the Slasher (Demonspawn Gladiator)          Turns: 1741, Time: 00:08:09

Health: -4/28      AC:  3    Str: 15    XL:     3   Next: 94%
Magic:  3/3        EV: 13    Int:  9    God:
Gold:   100        SH:  0    Dex: 14    Spells: 0 memorised, 2 levels left

rFire  . . .     SeeInvis +     a - +1 long sword
rCold  . . .     Gourm    .     b - +0 leather armour
rNeg   . . .     Faith    .     (no shield)
rPois  .         Spirit   .     (helmet restricted)
rElec  .         Dismiss  .     (no cloak)
rCorr  .         Reflect  .     (no gloves)
SustAt .         Harm     .     (no boots)
MR     .....                    (no amulet)
Stlth  +.........               (no ring)
                                e - ring of see invisible

@: not resistant to hostile enchantments, very unstealthy
A: horns 1, talons 1
a: no special abilities


You were on level 3 of the Dungeon.
You were hungry.

You visited 1 branch of the dungeon, and saw 3 of its levels.

You collected 100 gold pieces.

Inventory:

Hand Weapons
 a - a +1 long sword (weapon)
Missiles
 d - 3 throwing nets (quivered)
Armour
 b - a +0 leather armour (worn)
 c - a +0 helmet
 i - a +0 ring mail
Jewellery
 e - a ring of see invisible (left hand)
Wands
 n - a wand of lightning (3/15)
Scrolls
 h - a scroll of identify
Potions
 g - a potion of mutation {unknown}
 j - a potion of degeneration {unknown}
 m - 2 potions of curing {unknown}
Comestibles
 f - 2 bread rations
 l - 3 fruits


   Skills:
 * Level 2.8 Fighting
 * Level 3.5 Long Blades
 - Level 1.7 Throwing
 + Level 3.2 Dodging


You had 2 spell levels left.
You didn't know any spells.

Dungeon Overview and Level Annotations

Branches:
Dungeon (3/15)

Altars:
Ru
Trog

Annotations:
D:3 Sigmund


Innate Abilities, Weirdness & Mutations

You have a pair of small horns on your head.
You have sharp toenails.


Message History

You hit the dart slug.
You kill the dart slug!
The dart slug launches a dart at you. The slug dart misses you.
The slug dart hits the dart slug.
You hit the dart slug but do no damage. You claw the dart slug.
The dart slug is lightly wounded.
The dart slug barely misses you.
You hit the dart slug. You headbutt the dart slug.
The dart slug is heavily wounded.
The dart slug bites you but does no damage.
The dart slug launches a dart at you. The slug dart hits you!
* * * LOW HITPOINT WARNING * * *
You are too injured to fight recklessly!
The dart slug launches a dart at you. The slug dart hits you!
* * * LOW HITPOINT WARNING * * *
The dart slug launches a dart at you. The slug dart hits you!
You die...

+##≈≈.≈≈#...
##.#≈≈≈#≈≈.##
##≈≈≈≈≈≈≈≈≈≈≈#.
#≈≈≈≈≈.(.≈≈≈≈≈#
.≈≈≈≈.≈.†≈≈#≈≈.
≈≈≈≈≈≈≈w≈≈≈≈≈≈≈
≈≈≈≈≈≈≈ww≈≈≈≈#≈
≈≈w≈≈≈8..≈≈≈≈#≈
≈≈≈≈≈w8@.≈≈≈≈≈≈
≈≈≈≈≈≈...≈≈≈≈≈≈
#≈≈≈≈≈#.≈#≈≈≈≈≈
≈≈≈≈≈#.$#≈≈≈#≈≈
.≈#≈≈ .$(≈≈≈≈≈.
#≈≈≈≈≈..≈#≈≈≈##
##≈≈ ≈≈≈≈ ≈≈≈#
## ≈≈≈≈≈≈w.##


You could see 6 dart slugs.

Vanquished Creatures
  2 adders (D:2)
  A dart slug (D:3)
  2 giant cockroaches (D:2)
  3 goblins (D:2)
  5 hobgoblins
  7 jackals
  A quokka (D:2)
  5 bats
  2 giant newts (D:1)
  9 kobolds
  6 rats
43 creatures vanquished.

Notes
Turn   | Place    | Note
--------------------------------------------------------------
     0 | D:1      | luca467 the Demonspawn Gladiator began the quest for the Orb.
     0 | D:1      | Reached XP level 1. HP: 16/16 MP: 1/1
   255 | D:1      | Gained mutation: You have sharp toenails. [demonic ancestry]
   255 | D:1      | Reached XP level 2. HP: 22/22 MP: 2/2
   926 | D:2      | Gained mutation: You have a pair of small horns on your head. [demonic ancestry]
   926 | D:2      | Reached XP level 3. HP: 18/28 MP: 3/3
  1331 | D:2      | Found a sacrificial altar of Ru.
  1336 | D:2      | Found a bloodstained altar of Trog.
  1590 | D:3      | Noticed Sigmund
  1741 | D:3      | HP: 1/28 [dart slug/slug dart (3)]
  1741 | D:3      | Killed from afar by a dart slug

Skill      XL: |  1  2  3 |
---------------+----------+-----
Long Blades    | 3 |  3.5
Dodging        | 3 |  3.2
Fighting       | |  2.8
Throwing       | |  1.7

Action                   || total
-------------------------++-------
Melee: Long sword        ||   121
       Kick              ||    17
       Headbutt          ||    11
  Use: Scroll            ||     5
       Potion            ||     1
  Eat: Chunk             ||     2
Armor: Leather armour    ||    31
       Skin              ||     6
Dodge: Dodged            ||   119
